← All builds
Tech / Armada / Economy first / OBSERVED BUILD

Standard tech

Armada Tech (Eco) build order · Supreme Isthmus

Rushes T2 factory and Advanced Metal Extractor while sending the first T2 constructor to Geo, scaling team eco and mex upgrades through the full 15 minutes.

Usually first T2 con to Geo (85%)

#eco #t2 #team support · 915 distinct matches · 122 players · 60% of Armada Tech games · team won 53% of 1052 · Recently observed

HOW TO PLAY IT

Key timing: T2 factory by 4:15

  1. Open mex and wind, start bot lab right away.
  2. Get bot lab up and begin feeding early cons.
  3. Start advanced bot lab to rush T2 factory.
  4. Finish T2 factory and push advanced metal extractor by 5:29.
  5. Build Citadel, Platypus and Umbrella as anti-nuke defence transition.

Phase by phase

TYPICAL OF ITS 915 GAMES
  1. 1
  2. 2
  3. 3
  4. 4
PLAY THE OPENING

Follow the example game's first 6:00 step by step: what to build now, what comes next, and where it goes. At 1× it keeps pace with your own game.

  1. 1

    Up to the Bot Lab

    Economy
    • Metal Extractor3Mex
    • Wind Turbine4Wind
    Order
    1. Bot LabBot Lab after 3 mex, 4 winddone ~1:17, middle half 1:13–1:31

    By 1:01 in all: 3 mex · 4 wind

    The example game in this phase · 5 steps
    1. Mex ×3
    2. Wind ×4
    3. Energy storage
    4. Wind ×4
    5. Bot LabBot Labdone 1:52 · typical 1:17
  2. 2

    Bot Lab to Advanced Bot Lab

    Economy
    • Metal Extractor1Mex
    • Wind Turbine8Wind
    • Energy Storage1Energy storage
    Order
    1. Advanced Bot LabAdvanced Bot Lab after 4 mex, 12 wind, 3 con turretdone ~4:15, middle half 4:04–4:28
    Builders
    • Construction Turret3 Con turret
    • Lazarus3 Lazarus
    • Construction Bot2 Con bot
    • Construction Bot1 Con bot for allies

    Some games also: converter (36%)

    By 3:19 in all: 4 mex · 12 wind · 1 energy storage · 3 con turret

    The example game in this phase · 9 steps
    1. LazarusLazarus ×3
    2. Construction BotCon bot
    3. Construction BotCon botfor Air
    4. Construction BotCon bot
    5. LazarusLazarus
    6. Con turret
    7. Mex
    8. Con turret ×2
    9. Advanced Bot LabAdvanced Bot Labdone 4:28 · typical 4:15
  3. 3

    Advanced Bot Lab to 5:00

    Economy
    • Wind Turbine2Wind
    Order
    1. Bot LabEat Bot Lab
    Builders
    • Advanced Construction Bot1 T2 con bot for allies

    Some games also: converter (35%)

    By 5:00 in all: 4 mex · 15 wind · 2 converter · 1 energy storage · 3 con turret

    The example game in this phase · 6 steps
    1. Bot LabEat Bot Labreclaimed for its metal
    2. Wind ×4
    3. Advanced Construction BotT2 con botfor Geo
    4. Wind ×3
    5. Advanced Metal ExtractorT2 mexdone 5:47 · typical 5:29
    6. Wind ×2
  4. 4

    5:00 to 10:00

    Economy
    • Wind Turbine44Wind
    • Energy Converter6Converter
    Builders
    • Butler8 Butler
    • Advanced Construction Bot4 T2 con bot for allies
    • Advanced Construction Bot1 T2 con bot

    Some games also: con turret (50%) · Butler for allies (37%)

    By 10:00 in all: 4 mex · 59 wind · 8 converter · 1 energy storage · 3 con turret

    The example game in this phase · 88 steps
    1. Wind ×2
    2. Advanced Construction BotT2 con botfor Air
    3. Wind ×5
    4. Advanced Metal ExtractorT2 mex
    5. Wind ×2
    6. Advanced Metal ExtractorT2 mex
    7. Wind ×4
    8. SharpshooterSniper botnot finished by 15:00
    9. Wind
    10. SharpshooterSniper botfor Pond
    11. Wind ×3
    12. Advanced Construction BotT2 con botfor Geo sea
    13. Wind ×3
    14. ButlerButler
    15. Wind ×2
    16. ButlerButler
    17. Wind ×2
    18. Advanced Metal ExtractorT2 mex
    19. ButlerButler
    20. Wind ×3
    21. ButlerButler
    22. Wind ×3
    23. Advanced Construction BotT2 con botfor Suicide front
    24. Wind ×2
    25. Advanced Construction BotT2 con botfor Beach sea
    26. Wind
    27. Converter ×2
    28. Advanced Construction BotT2 con botfor Pond
    29. Converter
    30. Wind ×2
    31. Converter ×2
    32. Wind ×2
    33. Converter
    34. Wind ×2
    35. Converter
    36. Wind ×3
    37. Converter
    38. Wind ×2
    39. Converter
    40. Advanced Construction BotT2 con bot
    41. Wind
    42. Converter ×2
    43. Wind
    44. ButlerButler
    45. Converter
    46. ButlerButler
    47. Con turret
    48. Converter
    49. Wind
    50. ButlerButler
    51. Converter
    52. Con turret
    53. Converter
    54. ButlerButler
    55. Converter
    56. Con turret
    57. Wind
    58. ButlerButler
    59. Converter
    60. Con turret
    61. Converter
    62. Con turret
    63. Converter
    64. Con turret
    65. Fusion ReactorFusiondone 12:10
    66. Converter
    67. Wind
    68. Converter ×6
    69. Advanced Bot LabEat Advanced Bot Labreclaimed for its metal
    70. Converter
    71. Wind
    72. Converter ×3
    73. Wind
    74. Converter ×6
    75. Advanced Fusion ReactorAdvanced Fusion Reactordone 14:56
    76. Converter ×5
    77. Con turret
    78. Converter ×8
    79. Con turret
    80. Converter ×2
    81. Con turret
    82. Converter ×3
    83. Con turret
    84. Converter ×12
    85. Con turret ×2
    86. Converter ×9
    87. Con turret
    88. Converter ×23

Counts are medians over the build's games: half of them build more, half fewer. The example game is Damsko's (41 OS, 10/10/2026); pick another.

Team trades

IN AT LEAST 30% OF ITS GAMES

You hand over

  • Construction Bot1 Con bot to Airfirst at 2:22 · in 87% of games
  • Advanced Construction Bot5 T2 con bot to Air or Geo sea or Pondfirst at 4:48 · in 99% of games
  • Sharpshooter2 Sniper bot to Pondfirst at 5:23 · in 32% of games
  • Butler2 Butler to Geo sea or Beach sea or Pondfirst at 9:05 · in 42% of games

You get

  • Hercules1 Light transport from Airfirst at 4:00 · in 85% of games

How it plays out

Typical game of this build, running totals by minute

Metal produced

020k40k
0:005:0010:0015:00

metal

Enemy metal destroyed

0100200300
0:005:0010:0015:00

metal

Own metal lost

0100200300
0:005:0010:0015:00

metal

1052 games.

Show as table
ByMetal produced: This buildEnemy metal destroyed: This buildOwn metal lost: This build
1:0038300
2:0091600
3:00164500
4:00316200
5:00486300
6:00580500
7:00724000
8:00911100
9:001125000
10:001359300
11:001645000
12:001999100
13:002375900
14:00276067381
15:0031694293204
WHAT THE NUMBERS SAY

This is the role's textbook T2 rush, posting the highest metal production of any build shown (31617 by 15:00) with almost no early losses.

  • + T2 factory done by 4:15 in 97% of games, extremely consistent.
  • + Own metal lost is only 228 by 15:00, near untouched economy.
  • − Team win rate is the lowest of all builds shown at 53%, fast eco alone doesn't decide games.
THE EXAMPLE YOU ARE READING

Damsko

41.1 OS · 10/10/2026

Open source match ↗

1 received units
1291 metal received · 35605 energy received

Allied construction assistance is unknown. Timings are observations, not a promise of solo reproducibility.

Typical milestones

Bot Lab1:17Middle 50%: 1:13–1:31 · n=1052
Advanced Bot Lab4:15Middle 50%: 4:04–4:28 · n=1046
Advanced Metal Extractor5:29Middle 50%: 5:06–5:58 · n=1050

Played most by

Amrissa100games of this buildKOT_47games of this buildSyphos42games of this buildWashedGamuer41games of this buildAdeus39games of this build